Cogmind - Beta 14 @@@ ROGUE MODE // 2024.08.31 @ 22:20:52 Player: s0lid Result: Destroyed by D-53 Grenadier with Mini Grenade Launcher Performance ------------- Evolutions (0) 0 Regions Visited (4) 800 Robots Destroyed (16) 80 Value Destroyed (269) 269 Prototype IDs (0) 0 Alien Tech Used (0) 0 Bonus (0) 0 TOTAL SCORE: 1149 Bonus ------- None Cogmind --------- Core Integrity 0/250 Matter 295/300 Energy 98/100 System Corruption 0% Temperature Cool (0) Movement Rolling (125) Ox3 Location -9/Mines Parts ------- > --- POWER (1) -------- (None) > --- PROPULSION (2) --- Wheel > --- UTILITY (2) ------ High-capacity Storage Unit Advanced Targeting Computer > --- WEAPON (2) ------- (None) > --- INVENTORY (20) --- Ion Engine Light Ion Engine Small Storage Unit High-capacity Battery (250) High-capacity Battery (250) High-capacity Battery (250) Medium Matter Pod (100) Medium Matter Pod (100) Medium Matter Pod (100) Large Matter Pod (23) Large Matter Pod (0) Small Laser Assault Rifle Light Assault Rifle Light Assault Rifle Grenade Launcher Datajack Mining Laser Mining Laser Peak State ------------ > --- POWER ------------ Ion Engine > --- PROPULSION ------- Wheel Compact Wheel > --- UTILITY ---------- High-capacity Storage Unit Advanced Targeting Computer > --- WEAPON ----------- Medium Laser Assault Rifle > --- INVENTORY -------- Ion Engine Light Ion Engine Wheel Small Storage Unit High-capacity Battery High-capacity Battery High-capacity Battery Medium Matter Pod Medium Matter Pod Medium Matter Pod Large Matter Pod Large Matter Pod Small Laser Assault Rifle Light Assault Rifle Light Assault Rifle Grenade Launcher Datajack Mining Laser Mining Laser [Rating: 11] Favorites ----------- Power Ion Engine Engine Ion Engine Propulsion Compact Wheel Wheel Compact Wheel Utility Small Storage Unit Storage Small Storage Unit Processor Advanced Targeting Computer Weapon Medium Laser Energy Gun Medium Laser Ballistic Gun Assault Rifle Build | -11 -10 -10 -10 -9 ------- Run | Yrd Mat Min Exi Min Slots Evolved . | . . . . . Power . | . . . . . Propulsion . | . . . . . Utility . | . . . . . Weapon . | . . . . . Parts Attached 14 | 6 6 . 1 1 Power 2 | 1 1 . . . Engine 2 | 1 1 . . . Core . | . . . . . Reactor . | . . . . . Propulsion 5 | 2 2 . . 1 Treads . | . . . . . Leg . | . . . . . Wheel 5 | 2 2 . . 1 Hover . | . . . . . Flight . | . . . . . Utility 3 | 1 1 . 1 . Device . | . . . . . Storage 2 | 1 1 . . . Processor 1 | . . . 1 . Hackware . | . . . . . Protection . | . . . . . Artifact . | . . . . . Weapon 4 | 2 2 . . . Energy Gun 2 | 2 . . . . Energy Cannon . | . . . . . Ballistic Gun 2 | . 2 . . . Ballistic Cannon . | . . . . . Launcher . | . . . . . Special Weapon . | . . . . . Impact Weapon . | . . . . . Slashing Weapon . | . . . . . Piercing Weapon . | . . . . . Special Melee Weapon . | . . . . . Unidentified Prototypes . | . . . . . Parts Lost 7 | . 2 . . 5 Power 1 | . . . . 1 Propulsion 3 | . 1 . . 2 Utility . | . . . . . Weapon 3 | . 1 . . 2 Highest Loss Streak 5 | . 1 . . 5 To Critical Strikes . | . . . . . Average Slot Usage (%) 98 | . 97 100 100 92 Engine 14 | . 14 14 14 14 Wheel 27 | . 27 28 28 28 Storage 26 | . 26 28 26 14 Energy Gun 17 | . 21 14 14 7 Ballistic Gun 10 | . 6 14 14 14 Peak Build Rating 11 | 6 8 8 11 11 Average Rating 7 | 4 7 8 8 9 On Entrance 6 | . 6 8 8 11 Naked Turns . | . . . . . Heaviest Build 54 | 14 54 54 54 49 Greatest Support 26 | 26 26 26 26 26 Greatest Overweight (x) 4 | . 2 2 2 4 Average Overweight (x) 1 | . 1 2 1 1 Largest Inventory Capacity 20 | 8 20 20 20 20 Average Capacity 18 | 7 18 20 20 20 Most Carried 20 | 1 16 17 20 20 Average Carried 12 | . 7 16 17 19 Final Capacity 20 | 8 20 20 20 20 Final Carried 20 | 1 16 17 20 19 Class Distribution -------------------- 100% | Mutant Dominant Class ---------------- Mutant | -10/Materials Mutant | -10/Mines Mutant | -10/Exiles Mutant | -9/Mines Resources | -11 -10 -10 -10 -9 ----------- Run | Yrd Mat Min Exi Min Matter Collected 854 | 80 424 . 350 . Remotely . | . . . . . Salvage Created 464 | . 464 . . . Parts 26 | . 26 . . . Haulers Intercepted 1 | . 1 . . . Recyclers Shooed 1 | . 1 . . . Parts Field Recycled . | . . . . . Retrieved Matter . | . . . . . Parts Self-Destructed . | . . . . . Prevented . | . . . . . Kills | -11 -10 -10 -10 -9 ------- Run | Yrd Mat Min Exi Min Combat Hostiles Destroyed 11 | . 11 . . . Guns 11 | . 11 . . . Classes Destroyed 6 | . 6 . . . Worker 2 | . 2 . . . Hauler 1 | . 1 . . . Recycler 1 | . 1 . . . Operator 1 | . 1 . . . Swarmer 6 | . 6 . . . Grunt 5 | . 5 . . . Best Kill Streak 5 | . 5 . . . Combat Bots Only 5 | . 5 . . . Max Kills in Single Turn 2 | . 2 . . . Gunslinging 1 | . 1 . . . Exploded . | . . . . . Melee . | . . . . . Uniques/NPCs Destroyed . | . . . . . Combat | -11 -10 -10 -10 -9 -------- Run | Yrd Mat Min Exi Min Hostile Shots Fired 65 | . 58 . . 7 Missed 11 | . 11 . . . Damage Taken 874 | . 455 . . 419 Core 284 | . 112 . . 172 Absorbed by Shields . | . . . . . Core Remaining (%) 100 | 100 . . . . Volleys Fired 47 | . 46 . . 1 Largest 2 | . 2 . . 2 Hottest 90 | . 90 . . 70 Shots Fired 85 | . 83 . . 2 Gun 85 | . 83 . . 2 Cannon . | . . . . . Launcher . | . . . . . Special . | . . . . . Kinetic 29 | . 28 . . 1 Thermal 41 | . 40 . . 1 Explosive . | . . . . . Electromagnetic 15 | . 15 . . . Robot Hit Streak 9 | . 9 . . 4 Robot Miss Streak 5 | . 5 . . . Penetration Max . | . . . . . Secondary Targets 2 | . 2 . . . Max Gunslinging Chain 1 | . 1 . . . Shots Hit Robots 54 | . 52 . . 2 Core Hits 29 | . 28 . . 1 Critical Kills . | . . . . . Critical Parts Destroyed . | . . . . . Critical Strikes 2 | . 2 . . . Burn 2 | . 2 . . . Melee Attacks . | . . . . . Impact . | . . . . . Slashing . | . . . . . Piercing . | . . . . . Sneak Attacks . | . . . . . Combat Hostiles . | . . . . . Follow-up Attacks . | . . . . . Damage Inflicted 604 | . 578 . . 26 Guns 604 | . 578 . . 26 Cannons . | . . . . . Explosions . | . . . . . Melee . | . . . . . Ramming . | . . . . . Kinetic 146 | . 133 . . 13 Thermal 337 | . 324 . . 13 Explosive . | . . . . . Electromagnetic 121 | . 121 . . . Impact . | . . . . . Slashing . | . . . . . Piercing . | . . . . . Highest Corruption . | . . . . . Average Corruption . | . . . . . Corruption Purged . | . . . . . Corruption Blocked . | . . . . . Overload Shots . | . . . . . Overflow Damage . | . . . . . Projectiles . | . . . . . Explosions . | . . . . . Melee . | . . . . . Knockbacks . | . . . . . Impact . | . . . . . Kinetic . | . . . . . Secondary . | . . . . . Self-Inflicted Damage . | . . . . . Shots . | . . . . . Rammed . | . . . . . Targets Rammed . | . . . . . Kicked . | . . . . . Crushed . | . . . . . Highest Temperature 299 | . 299 . . 9 Average Temperature 82 | . 83 . . 6 Received Heat Transfer 117 | . 117 . . . Effects 1 | . 1 . . . Interference 1 | . 1 . . . Siege Activations . | . . . . . Robots Corrupted . | . . . . . Combat Hostiles . | . . . . . Parts Fried 1 | . 1 . . . Impact Corruptions . | . . . . . Robots Melted . | . . . . . Combat Hostiles . | . . . . . Parts Melted 1 | . 1 . . . Heat Transferred 1147 | . 1110 . . 37 Parts Sabotaged . | . . . . . Parts Stolen . | . . . . . Parts Stripped . | . . . . . Power Chain Reactions . | . . . . . Alert | -11 -10 -10 -10 -9 ------- Run | Yrd Mat Min Exi Min Peak Influence 297 | . 297 115 . . Initial 115 | . . 115 . . Average 90 | . 91 115 . . Maximum Alert Level 1 | . 1 . . . Low Security (%) 92 | 100 86 100 . 100 Level 1 7 | . 13 . . . Level 2 . | . . . . . Level 3 . | . . . . . Level 4 . | . . . . . Level 5 . | . . . . . High Security . | . . . . . Max Security . | . . . . . Squads Dispatched 1 | . 1 . . . Investigation . | . . . . . Extermination . | . . . . . Reinforcement 1 | . 1 . . . Assault . | . . . . . Garrison . | . . . . . Intercept . | . . . . . Searches Triggered . | . . . . . Construction Impeded . | . . . . . Haulers Reinforced . | . . . . . Active Scanning Responses . | . . . . . Cargo Convoy Interrupts . | . . . . . Stealth | -11 -10 -10 -10 -9 --------- Run | Yrd Mat Min Exi Min Distress Signals . | . . . . . Communications Jammed . | . . . . . Distress Signals . | . . . . . Times Spotted 16 | . 14 . . 2 Peak Tracking Total 4 | . 4 . . 2 Tactical Retreats 1 | . 1 . . . Traps | -11 -10 -10 -10 -9 ------- Run | Yrd Mat Min Exi Min Traps Triggered . | . . . . . Indirectly . | . . . . . Trap Hack Attempts . | . . . . . Triggered . | . . . . . Disarmed . | . . . . . Reprogrammed . | . . . . . Reused . | . . . . . Traps Extracted . | . . . . . Installed . | . . . . . Triggered . | . . . . . Machines | -11 -10 -10 -10 -9 ---------- Run | Yrd Mat Min Exi Min Machines Disabled . | . . . . . Max in Single Turn . | . . . . . Machines Repaired . | . . . . . Machines Dismantled . | . . . . . Machines Sabotaged . | . . . . . Overloaded Fab Kills . | . . . . . Hacking | -11 -10 -10 -10 -9 --------- Run | Yrd Mat Min Exi Min Machines Accessed 2 | . 1 1 . . Terminals 1 | . 1 . . . Fabricators . | . . . . . Repair Stations . | . . . . . Recycling Units . | . . . . . Scanalyzers . | . . . . . Garrison Access . | . . . . . Total Hacks 3 | . 2 1 . . Successful 2 | . 1 1 . . Failed 1 | . 1 . . . Catastrophic . | . . . . . Database Lockouts . | . . . . . Manual 1 | . 1 . . . Terminals 2 | . 2 . . . Fabricators . | . . . . . Repair Stations . | . . . . . Recycling Units . | . . . . . Scanalyzers . | . . . . . Garrison Access . | . . . . . Terminal Hacks 2 | . 1 1 . . Open Door 1 | . . 1 . . Locate Traps 1 | . 1 . . . Fabricator Hacks . | . . . . . Repair Station Hacks . | . . . . . Recycling Unit Hacks . | . . . . . Scanalyzer . | . . . . . Garrison Access Hacks . | . . . . . Unauthorized Hacks . | . . . . . Terminals . | . . . . . Fabricators . | . . . . . Repair Stations . | . . . . . Recycling Units . | . . . . . Scanalyzers . | . . . . . Garrison Access . | . . . . . Data Cores Recovered . | . . . . . Used . | . . . . . Hacking Detections 1 | . 1 . . . Full Trace Events . | . . . . . Feedback Events . | . . . . . Feedback Blocked . | . . . . . Robot Schematics Acquired . | . . . . . Robots Built . | . . . . . Authchips . | . . . . . Time . | . . . . . Total Robot Build Rating . | . . . . . Part Schematics Acquired . | . . . . . Parts Built . | . . . . . Authchips . | . . . . . Time . | . . . . . Total Part Build Rating . | . . . . . Parts Repaired . | . . . . . Time . | . . . . . Parts Recycled . | . . . . . Recycled Matter . | . . . . . Retrieved Matter . | . . . . . Retrieved Components . | . . . . . Parts Scanalyzed . | . . . . . Part Schematics Acquired . | . . . . . Parts Damaged . | . . . . . Bothacking | -11 -10 -10 -10 -9 ------------ Run | Yrd Mat Min Exi Min Used RIF Installer . | . . . . . Robots Hacked . | . . . . . Non-combat . | . . . . . Combat . | . . . . . Robot Hacks Applied . | . . . . . Relay Couplers Released . | . . . . . Fabnet Peak Effective % . | . . . . . Robots Rewired . | . . . . . Allies Hacked . | . . . . . Hacks Repelled . | . . . . . Allies | -11 -10 -10 -10 -9 -------- Run | Yrd Mat Min Exi Min Total Allies . | . . . . . Largest Group . | . . . . . Highest-Rated Group . | . . . . . Highest-Rated Ally . | . . . . . Total Orders . | . . . . . Ally Attacks . | . . . . . Total Damage . | . . . . . Kills . | . . . . . Allies Corrupted . | . . . . . Allies Melted . | . . . . . Intel | -11 -10 -10 -10 -9 ------- Run | Yrd Mat Min Exi Min Robot Analysis Total . | . . . . . Derelict Logs Recovered 1 | . . 1 . . Drone Launches . | . . . . . Drone Recoveries . | . . . . . Exploration | -11 -10 -10 -10 -9 ------------- Run | Yrd Mat Min Exi Min Turns Passed 817 | 35 335 221 199 27 Spaces Moved 547 | 29 163 175 163 17 Core 2 | 2 . . . . Treads . | . . . . . Legs . | . . . . . Wheels 545 | 27 163 175 163 17 Hover . | . . . . . Flight . | . . . . . Fastest Speed 50 | 50 90 120 105 105 Average Speed 115 | 87 113 120 118 113 Slowest Speed 140 | 100 120 120 120 140 Overloaded Moves . | . . . . . Propulsion Burnouts . | . . . . . Robots Hopped . | . . . . . Cave-ins Triggered . | . . . . . Exploration Rate (%) 28 | 4 34 39 53 12 Regions Visited 4 Branch Regions 3 Pre-discovered Areas 1 | . . 1 . . Known Exits Taken . | . . . . . Unknown Exits Taken 4 | 1 1 1 1 . Scrap Searched . | . . . . . Spaces Dug . | . . . . . Terrain Destroyed . | . . . . . Melee . | . . . . . Projectile . | . . . . . AOE . | . . . . . Terrain Rammed . | . . . . . Walls Destroyed . | . . . . . Machines Disabled . | . . . . . Actions | -11 -10 -10 -10 -9 --------- Run | Yrd Mat Min Exi Min Total 648 | 35 234 186 171 22 Wait 20 | . 6 11 . 3 Move 543 | 28 162 174 162 17 Hop . | . . . . . Pick Up 21 | 1 14 1 5 . Fast Attach 7 | 6 1 . . . Attach 3 | . 2 . . 1 Detach . | . . . . . Swap 4 | . 3 . 1 . Drop 2 | . . . 2 . Fire 47 | . 46 . . 1 Melee . | . . . . . Ram . | . . . . . Kick . | . . . . . Crush . | . . . . . Escape Stasis . | . . . . . Rewire 1 | . . . 1 . Trap . | . . . . . Miscellaneous . | . . . . . Route ------- -11/Scrapyard -10/Materials -10/Mines -10/Exiles -9/Mines (discovered 1 exit: [*Mat]) History --------- Turn | Location | Event 5 | -11/Scrapyard | Discovered new exit (range 15) 36 | -11/Scrapyard | Entered Materials 189 | -10/Materials | Discovered new exit (range 7) 320 | -10/Materials | Build established: Mutant 371 | -10/Materials | Entered Mines 376 | -10/Mines | Met a Derelict who couldn't figure out how to use a Trap Extractor 386 | -10/Mines | Met a Derelict bent on vengeance 404 | -10/Mines | Learned location of Zion (-7) 586 | -10/Mines | Deemed a non-threat by the Exiles lab entrance 587 | -10/Mines | Discovered new exit (range 5) 592 | -10/Mines | Entered Exiles 621 | -10/Exiles | Met 8R-AWN 643 | -10/Exiles | Met EX-HEX 681 | -10/Exiles | Met EX-BIN 697 | -10/Exiles | Met EX-DEC 783 | -10/Exiles | Discovered new exit (range 10) 791 | -10/Exiles | Entered Mines 792 | -9/Mines | Assembled infested the area 797 | -9/Mines | Assisted by a Guerilla fighting off Assembled 808 | -9/Mines | Discovered new exit (range 11) 811 | -9/Mines | Core integrity fell below 50% 818 | -9/Mines | Core integrity fell below 20% 818 | -9/Mines | Destroyed by D-53 Grenadier with Mini Grenade Launcher Last Messages --------------- I've been tracking a group of Assembled to figure out where they're coming from, and they're closing on this area, come on!" 00797_ K-01 Serf collects debris. 00801_ K-01 Serf cleans the Laser Drill. 00808_ BU-3XE(h): "I'll hold them off! Go on ahead or try to find another way!" 00808_ HV Slug penetrates Wall. 00808_ Med. Laser destroyed. 00808_ EXIT=FOUND 00810_ D-53 Grenadier suffers critical hit (Destroy). 00810_ D-53 Grenadier knocked back. 00810_ BU-3XE(h) destroyed. 00810_ Com. Wheel destroyed. 00811_ K-01 Serf collects debris. 00813_ Ion Engine destroyed. 00814_ Wheel destroyed. 00814_ K-01 Serf collects debris. 00817_ Assault Rifle destroyed. 00817_ U-05 Engineer destroyed. 00818_ The unstable cave ceiling collapses. Map ----- +----------------------------------------------------+ | ?????????????????????????????????? | | ?????????????????????????????????? | | ?????????????????????????????????? | | ?????????????????????????????????? | | ?????????????????????????????????? | | ?????????????????????????????????? | | ????????????????????????#########? | | ????????????????????????# #? | | ????????????????????????# #? | | ????????????????????????# #? | | ????????????????????????# """#? | | ????????????????????????# """#? | | ??????????????????#?????# """#? | | ??????????????????# ????# #? | | ??????????????????# ????## ######? | | ??????????????????# ????# #?????? | | ??????????????????# ##### #?????? | | ??????????????????# # #?????? | | ??????????????????# ##????? | | ??????????????????# ##???? | | ??????????????????# # #???? | | ??????????????????# ##??? | | ??????????????????# d #??? | | ??????????????????# #??? | | ????????????# # d #??? | | ???????????#] ??## @ #?? | | ???????????? [= !! #?? | | ???????????# r = ! #?? | | ???????????### ##### =%!! #?? | | ?????????????##??????### ! k #?? | | ??????????????????????? #?? | | ??????????????????????? < ##?? | | ?????????????????????? ##??? | | ?????????????????????? ###???? | | ?????????????????????? ##?????? | | ????????????????????? ???????? | | ?????????????????????## #???????? | | ??????????????????????###????????? | | ?????????????????????????????????? | | ?????????????????????????????????? | | ?????????????????????????????????? | | | | | | | | | | | | | | | | | | | +----------------------------------------------------+ Best States ------------- Heat Dissipation 25 Energy Generation 10 Energy Capacity 250 Matter Stores 300 Matter Capacity 300 Sight Range 16 Terrain Scan Density 10 Evasion (%) 42 Targeting Accuracy 8 Item Schematics ----------------- None Robot Schematics ------------------ None Fabricated ------------ Nothing Alien Tech Used ----------------- None Achievements -------------- None Challenges ------------ None Game ------ Seed UtilityShadingLance Manual? 0 Play Time 00:05:40 Cumulative 177.9 hours Start 2024.08.31 @ 22:15:37 End 2024.08.31 @ 22:20:52 Sessions 1 Manual Loads 0 Difficulty Rogue Special Mode None Game No. 180 Rogue 180 Adventurer 0 Explorer 0 Win Type - Total 0 Types 0/0/0/0/0/0/0/0/0 Lore% 20 Gallery% 56 Achievement% 40 Wizard Run 0 Options --------- Layout 0 ASCII 0 Keyboard 1 Movement Vi Keybinds 0 Fullscreen 1 Font 24/Smallcaps Map View 76x50 Zoom Use 0% Tactical HUD 1 Map Filters NONE Filters NONE Steam 1 RUN: d509f5aa-1093-4445-8335-12a28ddb0838